 Dungeon Crawl Stone Soup version 0.32-a0-921-g04a7ad8e02 (webtiles) character file.

Game seed: 13536419436521917587

159 shadizar the Magician (level 5, 0/35 HPs)
             Began as a Djinni Conjurer on Apr 11, 2024.
             Killed by miscasting Iskenderun's Mystic Blast (10 damage)
             ... on level 4 of the Dungeon.
             The game lasted 00:01:51 (2768 turns).

shadizar the Magician (Djinni Conjurer)             Turns: 2768, Time: 00:01:51

Health: 0/35       AC:  5    Str:  6    XL:     5   Next: 68%
Gold:   95         EV: 11    Int: 22    God:
                   SH:  0    Dex: 11

rFire   + + .        (no weapon)
rCold   x . .        (no shield)
rNeg    . . .        a - +0 robe
rPois   ∞            (no helmet)
rElec   .            k - +2 cloak
rCorr   .            (no gloves)
SInv    +            (boots unavailable)
Will    .....        (no amulet)
Stlth   ++           j - ring of see invisible
HPRegen 0.25/turn    (no ring)

%: infuse magic (-1 HP)
@: flying, very slightly contaminated
A: sickness immunity, fire resistance 2, cold vulnerability 1, float, innate
caster, HP casting, extra vitality 1
a: no special abilities


You were on level 4 of the Dungeon.
You visited 1 branch of the dungeon, and saw 4 of its levels.

You collected 95 gold pieces.

Inventory:

Armour
 a - a +0 robe (worn)
 k - a +2 cloak (worn)
 n - the +0 leather armour "Meorop" {rN+}
   (You found it on level 2 of the Dungeon)

   rN+:       It protects you from negative energy.
Jewellery
 j - a ring of see invisible (left hand)
 l - a ring of protection from cold
 m - the amulet of the Meager God {Spirit Rampage +Inv rElec Will-}
   (You found it on level 2 of the Dungeon)

   [amulet of guardian spirit]

   Spirit:    It causes incoming damage to be divided between your reserves of
   health and magic.
   rElec:     It insulates you from electricity.
   Will-:     It decreases your willpower.
   +Inv:      It lets you turn invisible.
   Rampage:   It bestows one free step when moving towards enemies.
Wands
 q - a wand of charming (3)
Scrolls
 b - 3 scrolls of identify {unknown}
 h - a scroll of silence {unknown}
 i - 2 scrolls of poison {unknown}
 o - 2 scrolls of fear {unknown}
Potions
 c - 2 potions of might {unknown}
 d - 2 potions of heal wounds {unknown}
 e - a potion of brilliance {unknown}
 f - a potion of enlightenment {unknown}
 g - 2 potions of cancellation {unknown}
 p - a potion of lignification {unknown}


   Skills:
 - Level 2.1 Dodging
 - Level 1.5 Stealth
 + Level 5.3 Spellcasting
 + Level 5.3 Conjurations
 + Level 5.3 Hexes
 + Level 5.3 Summonings
 + Level 5.3 Necromancy
 + Level 5.3 Translocations
 + Level 5.3 Fire Magic
 + Level 5.3 Ice Magic
 + Level 5.3 Air Magic
 + Level 5.3 Earth Magic
 + Level 5.3 Alchemy


You knew the following spells:

 Your Spells              Type           Power      Damage    Failure   Level
a - Magic Dart            Conj           100%       1d8       1%          1
b - Searing Ray           Conj           58%        2d6       1%          2
c - Fulminant Prism       Conj/Alch      14%        3d8       11%         4
d - Iskenderun's Mystic Conj/Tloc 29%            2d7        (+2d3     11%         4
e - Foxfire               Conj/Fire      100%       2x1d9     1%          1
f - Mercury Vapours       Alch/Air       58%        N/A       1%          2
Your spell library was empty.

Dungeon Overview and Level Annotations

Branches:
Dungeon (4/15)
 Temple: D:4-7

Altars:
Hepliaklqana
Uskayaw


Innate Abilities, Weirdness & Mutations

You are immune to sickness and miasma.
You are immune to poison.
Your flesh is very heat resistant. (rF++)
You are vulnerable to cold. (rC-)
You float through the air rather than walking.
You learn spells naturally, not from books.
Your magical power is your life essence.
You have superior vitality. (+4 MHP)


Message History

The magic dart hits the orc.
The orc is almost dead.
An orc is nearby!
The magic dart hits the orc.
You kill the orc!
A scorpion comes into view.
The magic dart hits the scorpion but does no damage.
A scorpion is nearby!
The magic dart hits the scorpion but does no damage.
A scorpion is nearby!
The magic dart hits the scorpion.
The scorpion is lightly wounded.
A scorpion is nearby!
The magic dart hits the scorpion but does no damage.
The scorpion is lightly wounded.
The scorpion stings you.
A scorpion is nearby!
The magic dart hits the scorpion.
The scorpion is heavily wounded.
The scorpion closely misses you.
The magic dart hits the scorpion.
The scorpion is severely wounded.
The scorpion barely misses you. The scorpion misses you.
The magic dart hits the scorpion.
The scorpion is severely wounded.
The scorpion stings you.
The magic dart hits the scorpion but does no damage.
The scorpion is severely wounded.
The scorpion stings you.
The magic dart hits the scorpion but does no damage.
The scorpion is severely wounded.
The scorpion stings you.
You are too injured to fight recklessly!
You are too injured to fight recklessly!
Casting: Magic Dart (safe; 1% risk of failure)
Confirm with . or Enter, or press ? or * to list all spells.
You miscast Iskenderun's Mystic Blast.
You are very lightly contaminated with residual magic.
A wave of violent energy washes through your body!
You die...

...........#
..........#
.........#
........
......
#...#####
#.)..)..#
#<@.# ###s#
.+ .# .. #.
.# .#


You could see a scorpion.

Vanquished Creatures
  A sleepcap (D:3)
  Jessica (D:3)
  3 adders
  A dart slug (D:2)
  2 ribbon worms
  4 orcs
  4 endoplasms
  5 giant cockroaches
  5 goblins
  4 hobgoblins
  3 jackals (D:1)
  3 kobolds
  3 quokkas (D:1)
  11 ball pythons
  5 bats
  5 frilled lizards
  8 rats
68 creatures vanquished.

Notes
Turn   | Place    | Note
-------+----------+-------------------------------------------
     0 | D:1      | shadizar the Djinni Conjurer began the quest for the Orb.
     0 | D:1      | shadizar set off with the following spells memorised: Magic
                  | Dart, Searing Ray, Fulminant Prism, Iskenderun's Mystic
                  | Blast.
     0 | D:1      | Reached XP level 1. HP: 15/15 MP: 0/0
    76 | D:1      | Reached XP level 2. HP: 20/21 MP: 0/0
   387 | D:1      | Reached XP level 3. HP: 16/25 MP: 0/0
   387 | D:1      | Learned a level 1 spell: Foxfire
  1182 | D:2      | Reached XP level 4. HP: 30/31 MP: 0/0
  1299 | D:2      | Found a hide-covered altar of Uskayaw.
  1720 | D:2      | Identified the +0 leather armour "Meorop" {rN+}
  1734 | D:2      | Identified the amulet of the Meager God {Spirit Rampage
                  | +Inv rElec Will-}
  2003 | D:3      | Reached skill level 5 in Spellcasting
  2003 | D:3      | Reached skill level 5 in Conjurations
  2003 | D:3      | Reached skill level 5 in Hexes
  2003 | D:3      | Reached skill level 5 in Summonings
  2003 | D:3      | Reached skill level 5 in Necromancy
  2003 | D:3      | Reached skill level 5 in Translocations
  2003 | D:3      | Reached skill level 5 in Fire Magic
  2003 | D:3      | Reached skill level 5 in Ice Magic
  2003 | D:3      | Reached skill level 5 in Air Magic
  2003 | D:3      | Reached skill level 5 in Earth Magic
  2003 | D:3      | Reached skill level 5 in Alchemy
  2003 | D:3      | Reached XP level 5. HP: 15/35 MP: 0/0
  2003 | D:3      | Learned a level 2 spell: Mercury Vapours
  2631 | D:3      | Noticed Jessica
  2633 | D:3      | Killed Jessica
  2637 | D:3      | Found a faded altar of an unknown god.
  2638 | D:3      | Found a hazy altar of Hepliaklqana.
  2768 | D:4      | Killed by miscasting Iskenderun's Mystic Blast

Illustrated notes

Levels and vault maps discovered:
D:1:      dpeg_arrival_lava_temple_mockup, layout_loops_ring,
          nrook_loot_triangle, minmay_stone_trees_small,
          minmay_misc_feat_enclosed, minmay_quantized
D:2:      layout_basic, basic_altar
D:3:      layout_basic, beargit_hepliaklqana_dungeon_heroes,
          minmay_misc_feat_square
D:4:      layout_basic, cheibriados_altar_1, okawaru_gym_becter, serial_shops,
          nicolae_shop_real_fake_doors, serial_library_hellmonk_hallway_a,
          grunt_ministairs_3

Skill      XL: |  1  2  3  4 |
---------------+-------------+-----
Spellcasting   | 4 5 |  5.3
Conjurations   | 4 5 |  5.3
Hexes          | 4 5 |  5.3
Summonings     | 4 5 |  5.3
Necromancy     | 4 5 |  5.3
Translocations | 4 5 |  5.3
Fire Magic     | 4 5 |  5.3
Ice Magic      | 4 5 |  5.3
Air Magic      | 4 5 |  5.3
Earth Magic    | 4 5 |  5.3
Alchemy        | 4 5 |  5.3
Dodging        | |  2.1
Stealth        | |  1.5

Action                     |  1- 3 |  4- 6 || total
---------------------------+-------+-------++-------
   Cast: Magic Dart        |    75 |    92 ||   167
 Armour: Robe              |     6 |    19 ||    25
  Dodge: Dodged            |     8 |     5 ||    13

Table legend: (Time is in decaauts)
 A = Elapsed time spent in this place.
 B = Non-inter-level travel time spent in this place.
 C = Inter-level travel time spent in this place.
 D = Time resting spent in this place.
 E = Time spent auto-exploring this place.
 F = Levels seen in this place.
 G = Mean time per level.
                   A        B        C        D        E       F      G
               +--------+--------+--------+--------+--------+-----+--------+
         Total |   2772 |   2628 |    144 |      0 |   2322 |   4 |  693.0 |
       Dungeon |   2772 |   2628 |    144 |      0 |   2322 |   4 |  693.0 |
               +--------+--------+--------+--------+--------+-----+--------+

Top non-repeatable levels by time:
     D:1: 1123 daAuts
     D:3: 904 daAuts
     D:2: 705 daAuts
     D:4: 38 daAuts
